Map: Pylon LE

Players

Nicoract

  • Race: Terran Terran
  • Spawn Location: 11:00

DTNDolan - Winner!

  • Race: Terran Terran
  • Spawn Location: 5:00

VOD

Have the link to the VOD?

Description

Time

  • Played on: May 6, 2025, 7:44 p.m.
  • Length: 7:12
Show
View Real Time Build Order
Export as new Build Order

Nicoract Terran 

Build Orders:  

Get SALT Encoding   

  12  0:00  SCV  
  13  0:12  SCV  
  14  0:17  Supply Depot  
  14  0:24  SCV  
  15  0:39  SCV  
  15  0:40  Barracks  
  16  0:44  Refinery  
  16  0:51  SCV  
  16  0:53  Refinery  
  17  1:03  SCV  
  18  1:15  SCV  
  19  1:28  Reaper, Supply Depot, Orbital Command  
  20  1:42  Factory  
  20  1:53  SCV  
  21  2:00  Reaper  
  22  2:05  SCV  
  23  2:17  SCV  
  23  2:21  Command Center  
  24  2:27  Hellion  
  26  2:31  SCV  
  26  2:32  Reaper  
  27  2:37  Supply Depot  
  27  2:43  SCV  
  28  2:49  Hellion  
  30  2:54  Starport  
  30  2:55  SCV  
  31  3:04  Barracks Reactor  
  31  3:08  SCV, Refinery  
  31  3:10  Factory Tech Lab  
  32  3:20  SCV  
  33  3:32  Starport Tech Lab, SCV, Cyclone  
  34  3:44  Marine x2, SCV  
  35  3:50  Orbital Command  
  33  3:56  Raven, Supply Depot  
  33  3:58  SCV  
  33  4:02  Marine x2  
  38  4:11  Siege Tank, SCV  
  38  4:15  SCV  
  43  4:18  Supply Depot  
  43  4:20  Marine  
  43  4:22  Marine  
  43  4:23  SCV  
  46  4:25  Interference Matrix  
  46  4:28  SCV  
  47  4:36  Raven, SCV  
  50  4:40  Marine x2  
  50  4:41  SCV  
  50  4:42  Supply Depot  
  53  4:48  SCV  
  53  4:50  Siege Tank  
  57  4:54  SCV  
  57  4:55  Refinery  
  57  4:58  Supply Depot  
  58  5:00  SCV  
  58  5:02  Starport  
  61  5:08  SCV  
  61  5:12  SCV  
  61  5:15  Supply Depot  
  61  5:20  SCV  
  62  5:22  Supply Depot  
  62  5:23  Siege Tank  
  62  5:24  SCV  
  66  5:32  SCV  
  66  5:34  Viking x2  
  71  5:36  SCV  
  71  5:39  Viking  
  74  5:55  Marine, Supply Depot x2  
  72  5:58  Siege Tank  
  72  6:02  SCV x2  
  77  6:04  Viking  
  77  6:05  Viking  
  81  6:16  Liberator  
  84  6:20  SCV x2  
  86  6:31  Supply Depot x2  
  86  6:32  Siege Tank  
  89  6:34  SCV x2  
  71  6:57  SCV x2  
Show
View Real Time Build Order
Export as new Build Order

DTNDolan Terran - Winner!

Build Orders: Cyclone Opening 

Get SALT Encoding   

  12  0:00  SCV  
  13  0:12  SCV  
  14  0:17  Supply Depot  
  14  0:24  SCV  
  15  0:38  SCV  
  15  0:40  Barracks  
  15  0:42  Refinery  
  16  0:50  SCV  
  16  0:53  Refinery  
  17  1:02  SCV  
  18  1:14  SCV  
  19  1:28  Reaper, Orbital Command  
  19  1:29  Supply Depot  
  20  1:44  Factory  
  20  1:54  SCV  
  21  2:00  Reaper  
  22  2:08  SCV  
  23  2:18  Command Center  
  23  2:22  SCV  
  24  2:27  Factory Tech Lab  
  24  2:33  Barracks Reactor  
  24  2:36  SCV  
  25  2:45  Cyclone  
  25  2:48  SCV, Supply Depot  
  29  2:57  Starport  
  29  3:00  SCV  
  30  3:12  Marine  
  30  3:13  Marine, SCV  
  30  3:18  Siege Tank  
  36  3:21  Refinery  
  36  3:26  SCV  
  37  3:40  Orbital Command  
  34  3:44  SCV  
  34  3:46  Starport Tech Lab  
  33  3:53  Marine  
  33  3:54  Marine  
  37  3:56  SCV  
  37  4:00  Cyclone  
  38  4:05  Raven  
  38  4:06  SCV  
  38  4:09  SCV  
  42  4:12  Marine x2  
  44  4:18  SCV  
  44  4:19  Interference Matrix  
  44  4:21  SCV  
  46  4:25  Supply Depot  
  46  4:29  Marine  
  46  4:30  Marine  
  46  4:31  SCV  
  49  4:33  SCV  
  49  4:35  Siege Tank  
  53  4:43  Supply Depot  
  53  4:44  SCV  
  54  4:46  SCV  
  54  4:47  Raven  
  54  4:51  Marine x2  
  59  4:56  SCV  
  60  5:00  SCV  
  60  5:05  Supply Depot  
  61  5:08  Siege Tank, SCV  
  61  5:13  Marine x2  
  67  5:15  SCV  
  67  5:19  Supply Depot  
  67  5:20  SCV  
  69  5:27  SCV  
  70  5:32  SCV  
  70  5:35  Viking x2  
  75  5:39  SCV  
  76  5:43  Supply Depot  
  76  5:44  SCV  
  76  5:52  Siege Tank  
  76  5:53  SCV  
  76  5:54  Command Center  
  76  5:56  SCV  
  81  5:59  Marine, Refinery  
  82  6:05  Viking x2  
  82  6:10  SCV x2  
  88  6:22  SCV x2  
  90  6:29  Siege Tank  
  90  6:32  Marine  
  94  6:36  Supply Depot x2  
  94  6:39  Viking x2  
  100  6:40  SCV x2  
Tags
 
Matchup
TvT
Race
Terran
Spawn Locations
Cross Positions
Add a new tag
Caveats
  • Supply blocks, unpowered buildings, or Contaminate may cause inaccurate times.
  • Supply counts are checked every 10 seconds.